 Dungeon Crawl Stone Soup version 0.29-a0-676-ga64570c9d2 (webtiles) character file.

Game seed: 8520868148625543713

3 fernweh the Magician (level 1, -1/13 HPs)
             Began as a Gnoll Wanderer on June 24, 2022.
             Slain by a hobgoblin (2 damage)
             ... on level 1 of the Dungeon.
             The game lasted 00:00:40 (90 turns).

fernweh the Magician (Gnoll Wanderer)                 Turns: 90, Time: 00:00:40

Health: -1/13      AC:  2    Str:  8    XL:     1   Next: 50%
Magic:  6/6        EV: 12    Int: 11    God:
Gold:   12         SH:  4    Dex: 14    Spells: 8/9 levels left

rFire   . . .      SeeInvis .   a - +2 short sword
rCold   . . .      Faith    .   b - +0 buckler
rNeg    . . .      Spirit   .   d - +0 robe
rPois   .          Reflect  .   (no helmet)
rElec   .          Harm     .   (no cloak)
rCorr   .          Rampage  .   (no gloves)
Will    .....                   (no boots)
Stlth   +.........              (no amulet)
HPRegen 0.04/turn               (no ring)
MPRegen 0.10/turn               (no ring)

@: no status effects
A: fangs 1, strong nose, distributed training
a: no special abilities


You were on level 1 of the Dungeon.
You visited 1 branch of the dungeon, and saw 1 of its levels.

You collected 12 gold pieces.

Inventory:

Hand Weapons
 a - a +2 short sword (weapon)
Armour
 b - a +0 buckler (worn)
 d - a +0 robe (worn)
Scrolls
 e - a scroll of blinking {unknown}
Potions
 c - a potion of attraction


   Skills:
 + Level 0.0 Fighting
 + Level 4.4 Short Blades
 + Level 0.0 Long Blades
 + Level 0.0 Axes
 + Level 0.0 Maces & Flails
 + Level 0.0 Polearms
 + Level 0.0 Staves
 + Level 0.0 Slings
 + Level 0.0 Bows
 + Level 0.0 Crossbows
 + Level 2.3 Throwing
 + Level 0.0 Armour
 + Level 2.3 Dodging
 + Level 0.0 Stealth
 + Level 2.3 Shields
 + Level 0.0 Unarmed Combat
 + Level 4.8 Spellcasting
 + Level 0.0 Conjurations
 + Level 0.0 Hexes
 + Level 0.0 Summonings
 + Level 0.0 Necromancy
 + Level 0.0 Translocations
 + Level 0.0 Transmutations
 + Level 3.6 Fire Magic
 + Level 0.0 Ice Magic
 + Level 0.0 Air Magic
 + Level 0.0 Earth Magic
 + Level 0.0 Poison Magic
 + Level 2.4 Invocations
 + Level 0.0 Evocations


You had 8 spell levels left.
You knew the following spells:

 Your Spells              Type           Power      Damage    Failure   Level
a - Foxfire               Conj/Fire      24%        2x1d5     14%         1

Your spell library contained the following spells:

 Spells                   Type           Power      Damage    Failure   Level
 Conjure Flame            Conj/Fire      6%         6-21      38%         3


Dungeon Overview and Level Annotations

Branches:
Dungeon (1/15)

Altars:


Innate Abilities, Weirdness & Mutations

You have very sharp teeth.
Your uncanny sense of smell can sniff out nearby items.
Your experience applies equally to all skills.


Message History

You closely miss the ball python.
You bite the ball python, but do no damage.
You block the hobgoblin's attack. You block the ball python's attack.
The ball python grabs you. The ball python constricts you.
You hit the ball python. Your bite misses the ball python.
The ball python is severely wounded.
You block the ball python's attack. The ball python constricts you.
You block the hobgoblin's attack.
You closely miss the ball python.
You bite the ball python, but do no damage.
The ball python is severely wounded.
The ball python bites you.
* * * LOW HITPOINT WARNING * * *
The ball python constricts you. You block the hobgoblin's attack.
A kobold comes into view. It is wielding a +0 short sword.
The endoplasm jiggles.
You hit the ball python.
You kill the ball python!
The hobgoblin barely misses you.
You barely miss the endoplasm. You hit the endoplasm.
The endoplasm is moderately wounded.
The hobgoblin hits you but does no damage.
The endoplasm hits you.
* * * LOW HITPOINT WARNING * * *
You hit the endoplasm but do no damage. You bite the endoplasm.
The endoplasm is heavily wounded.
You block the hobgoblin's attack.
The endoplasm hits you but does no damage.
You hit the endoplasm but do no damage.
You bite the endoplasm, but do no damage.
The endoplasm is moderately wounded.
The hobgoblin misses you. The endoplasm barely misses you.
You hit the endoplasm but do no damage.
The endoplasm is moderately wounded.
The hobgoblin completely misses you. The endoplasm barely misses you.
You hit the endoplasm but do no damage.
The endoplasm is moderately wounded.
The hobgoblin hits you.
You die...

≈≈≈≈........#
≈≈≈≈#######.#
######. ≈≈≈≈.!..
#.## .......
≈≈##..... #..#
....... ..+
.._...##.## .......
..+ .........##
....... ≈≈#
..........# .......
≈≈≈
$.........##.......
≈≈≈
#..........@J......
≈≈
#.#.......##g...##.
# #(....... .....#
...#####.#......#
### #.#......# [.#
###### ... #.


You could see an endoplasm and a hobgoblin.

Vanquished Creatures
  A ball python (D:1)
  A frilled lizard (D:1)
  2 rats (D:1)
4 creatures vanquished.

Notes
Turn   | Place    | Note
-------+----------+-------------------------------------------
     0 | D:1      | fernweh the Gnoll Wanderer began the quest for the Orb.
     0 | D:1      | fernweh set off with the following items: a +2 short sword,
                  | a +0 buckler, a potion of attraction, a +0 robe; and the
                  | following spell memorised: Foxfire; and the following
                  | spells available to memorise: Conjure Flame.
     0 | D:1      | Reached XP level 1. HP: 13/13 MP: 6/6
    53 | D:1      | Found a faded altar of an unknown god.
    90 | D:1      | Slain by a hobgoblin

Illustrated notes

Levels and vault maps discovered:
D:1:      sevenhm_arrival_forest_fort_large_1, layout_basic,
          basic_ecumenical_altar, serial_shops, shop_fountains

Action                   || total
-------------------------++-------
Melee: Short sword       ||    14
       Bite              ||     4
Armor: Robe              ||     2
Dodge: Dodged            ||     5
Block: Buckler           ||     6

Table legend: (Time is in decaauts)
 A = Elapsed time spent in this place.
 B = Non-inter-level travel time spent in this place.
 C = Inter-level travel time spent in this place.
 D = Time resting spent in this place.
 E = Time spent auto-exploring this place.
 F = Levels seen in this place.
 G = Mean time per level.
                   A        B        C        D        E       F      G
               +--------+--------+--------+--------+--------+-----+--------+
         Total |     90 |     90 |      0 |      0 |     63 |   1 |   90.0 |
       Dungeon |     90 |     90 |      0 |      0 |     63 |   1 |   90.0 |
               +--------+--------+--------+--------+--------+-----+--------+

Top non-repeatable levels by time:
     D:1: 90 daAuts
